 Dungeon Crawl Stone Soup version 0.30-a0-354-g6b83867211 (webtiles) character file.

Game seed: 7330001027605482250

3371 themarg the Fighter (level 9, -14/142 HPs)
             Began as an Armataur Fighter on Nov 7, 2022.
             Was a Priest of Okawaru.
             Killed from afar by a steam dragon (17 damage)
             ... with a ball of steam
             ... on level 8 of the Dungeon.
             The game lasted 00:26:56 (8011 turns).

themarg the Fighter (Armataur Fighter)              Turns: 8011, Time: 00:26:57

Health: -14/142    AC: 24    Str: 25    XL:     9   Next: 73%
Magic:  9/11       EV:  1    Int:  8    God:    Okawaru [***...]
Gold:   332        SH:  6    Dex: 11    Spells: 8/8 levels left

rFire   . . .      SeeInvis .    y - +0 morningstar
rCold   . . .      Faith    .    c - +0 buckler
rNeg    . . .      Spirit   .    (body armour currently unavailable)
rPois   +          Reflect  .    (helmet currently unavailable)
rElec   .          Harm     .    (cloak currently unavailable)
rCorr   .          Roll     +    (gloves currently unavailable)
Will    .....      NoTele   +    (no barding)
Stlth   ++++......               (no amulet)
HPRegen 0.43/turn                B - +4 ring of evasion
MPRegen 0.12/turn                (no ring)

@: tree-form, heroic
A: stationary, stasis, torment immunity, boosted hp, large, rugged brown scales
3, (deformed body), (armoured tail), roll, long tongue, awkward tongue
a: Renounce Religion, Heroism


You were on level 8 of the Dungeon.
You worshipped Okawaru.
Okawaru was most pleased with you.
You were a tree.
You visited 2 branches of the dungeon, and saw 9 of its levels.
You also visited: Sewer.

You collected 407 gold pieces.
You spent 75 gold pieces at shops.

Inventory:

Hand Weapons
 y - a +0 morningstar (weapon)
Missiles
 k - 72 stones (quivered)
 r - 3 silver boomerangs
 v - 14 poisoned darts
 w - 2 atropa-tipped darts
 C - 5 boomerangs
 I - 6 curare-tipped darts
Armour
 c - a +0 buckler (worn)
 i - a +2 helmet (melded)
 L - a +0 cloak (melded)
 M - a +0 chain mail (melded)
Jewellery
 B - a +4 ring of evasion (left branch)
 G - a ring of fire
Scrolls
 a - 2 scrolls of torment
 e - a scroll of fog
 g - a scroll of brand weapon {unknown}
 j - 3 scrolls of noise
 m - 2 scrolls of blinking {unknown}
 n - a scroll of amnesia
 q - 4 scrolls of teleportation
 s - a scroll of magic mapping
 u - 3 scrolls of fear
 A - a scroll of poison {unknown}
 D - a scroll of enchant weapon {unknown}
 E - 3 scrolls of vulnerability
 J - a scroll of enchant armour {unknown}
Potions
 d - 2 potions of might
 f - 2 potions of lignification
 h - 3 potions of mutation
 l - 2 potions of berserk rage
 o - a potion of flight
 p - a potion of resistance
 t - 2 potions of ambrosia {unknown}
 x - 5 potions of curing
 z - a potion of cancellation {unknown}
Miscellaneous
 H - a condenser vane


   Skills:
 * Level 11.0(16.0) Fighting
 - Level 1.7(6.7) Maces & Flails
 - Level 5.0(10.0) Armour
 - Level 3.0(8.0) Stealth
 - Level 3.2(8.2) Shields
 + Level 3.4 Invocations
 - Level 5.0 Evocations


You had 8 spell levels left.
You didn't know any spells.
Your spell library contained the following spells:

 Spells                   Type           Power      Damage    Failure   Level
 Frozen Ramparts          Ice            0%         1d1       83%         3
 Ozocubu's Armour         Ice            0%         N/A       83%         3
 Airstrike                Air            0%         2d(0-16)  99%         4
 Ice Form                 Ice/Tmut       0%         N/A       99%         4
 Lightning Bolt           Conj/Air       0%         1d11      100%        5
 Yara's Violent Unravell  Hex/Tmut       0%         3d3       100%        5
 Enfeeble                 Hex            0%         N/A       100%        7
 Ozocubu's Refrigeration  Ice            0%         4d7       100%        7
 Summon Ice Beast         Ice/Summ       Unusable   N/A       N/A         4
 Summon Lightning Spire   Summ/Air       Unusable   N/A       N/A         4

Dungeon Overview and Level Annotations

Branches:
Dungeon (8/15)             Temple (1/1) D:6           Sewer (visited)
   Lair: D:8-11

Altars:
Ashenzari
Cheibriados
Dithmenos
Fedhas
Hepliaklqana
Kikubaaqudgha
Nemelex Xobeh
Okawaru
Qazlal
Trog
Wu Jian
The Shining One

Shops:
D:7 !   D:8 [

Annotations:
D:8 Maurice


Innate Abilities, Weirdness & Mutations

You are a tree.
Your roots penetrate the ground, keeping you stationary.
You cannot be teleported.
You are immune to unholy pain and torment.
Your maximum health is greatly increased.
Your equipment is partially melded.
(You are completely covered in rugged brown scales. (AC +3, +7% HP))
((Armour fits poorly on your strangely shaped body.))
((You have a long armoured tail.))
You roll when moving toward enemies. (Rampage)
Your long tongue fully drains potion bottles. (2x potion effects)
Your tongue gives you trouble enunciating. (1.5x scroll delay)


Message History

The steam dragon claws you but does no damage.
You slurp down every last drop of the 6 potions of curing!
You feel better.
You are engulfed in a cloud of scalding steam.
* * * LOW HITPOINT WARNING * * *
The steam dragon breathes steam at you. The ball of steam misses you.
You hit the steam dragon but do no damage.
The steam dragon is lightly wounded.
The steam dragon bites you!
* * * LOW HITPOINT WARNING * * *
The steam dragon claws you but does no damage.
You sock the steam dragon!
The steam dragon is moderately wounded.
You block the steam dragon's attack. x2; The steam dragon bites you!
* * * LOW HITPOINT WARNING * * *
The steam dragon closely misses you.
You gain the combat prowess of a mighty hero.
You block the wight's attack. The steam dragon bites you.
* * * LOW HITPOINT WARNING * * *
The steam dragon closely misses you.
You closely miss the steam dragon. You tail-slap the steam dragon!
The steam dragon is heavily wounded.
The wight closely misses you.
The steam dragon bites you but does no damage.
You block the steam dragon's attack.
Really quaff the potion of lignification?
You slurp down every last drop of the 3 potions of lignification!
You turn into a tree.
Your +0 cloak melds into your body.
Your +2 helmet melds into your body.
Your +0 chain mail melds into your body.
Your roots penetrate the ground.
You block the wight's attack. The steam dragon bites you.
* * * LOW HITPOINT WARNING * * *
You block the steam dragon's attack.
You puncture the steam dragon!
The steam dragon is almost dead.
The steam dragon breathes steam at you. The ball of steam hits you!
You die...

*,**,,,*,,,* ***** *,**,∩,*,>,*
*,,,, *,,*,,,*,,,** *....
*,,+*******'* *....
**,,,*##**,,* ####*###.#.#
**,,,...,,,* #..,,,.>...#
*,,,...n,,* ######.#*###...**
*,,,.....,*###......###...####
*,,,......##)♣.###...........#
*,,,........zD............)...
**,,,........####..........)..#
**,,,,.......## #..........)..#
**,,,,o.......* #..............
,,,,,,......#.* #.........)<...
*,,,,,........* #..............
,,*,,,..#.[###* #..............
***,>,z..#.#* ##.............


You could see a steam dragon (catching breath) and a wight.

Vanquished Creatures
  A deep elf pyromancer (D:6)
  Maggie (D:7)
  Menkaure (D:6)
  A steam dragon (D:8)
  3 water moccasins
  A sky beast (D:6)
  An orc warrior (D:8)
  A black bear (D:5)
  2 centaurs
  2 ogres (D:5)
  6 bullfrogs
  A kobold brigand (D:7)
  2 necrophages
  A scorpion (D:7)
  A wight (D:8)
  A howler monkey (D:8)
  3 hounds
  2 jellies
  3 orc priests
  Crazy Yiuf (D:7)
  2 iguanas (D:5)
  4 orc wizards
  6 gnolls
  10 adders
  A river rat (D:6)
  A white imp (D:7)
  An ufetubus (D:5)
  2 worms
  A dart slug (D:3)
  28 orcs
  4 bats
  9 endoplasms
  19 giant cockroaches
  9 goblins
  13 hobgoblins
  6 jackals
  7 quokkas
  14 ball pythons
  13 frilled lizards
  10 kobolds
  4 rats
199 creatures vanquished.

Notes
Turn   | Place    | Note
-------+----------+-------------------------------------------
     0 | D:1      | themarg the Armataur Fighter began the quest for the Orb.
     0 | D:1      | Reached XP level 1. HP: 19/19 MP: 1/1
   140 | D:1      | Reached skill level 3 in Fighting
   197 | D:1      | Reached skill level 1 in Stealth
   275 | D:1      | Reached XP level 2. HP: 26/27 MP: 2/2
   857 | D:2      | Found a faded altar of an unknown god.
  1056 | D:2      | Reached XP level 3. HP: 32/33 MP: 3/3
  1552 | D:3      | Reached skill level 4 in Fighting
  1556 | D:3      | Reached XP level 4. HP: 42/42 MP: 4/4
  1651 | D:3      | Found a stormy altar of Qazlal.
  2124 | D:3      | Reached XP level 5. HP: 47/50 MP: 5/5
  2555 | D:4      | Reached skill level 5 in Fighting
  3197 | D:4      | Found a broken altar of Ashenzari.
  3387 | D:5      | Entered Level 5 of the Dungeon
  3390 | D:5      | Noticed a black bear
  3400 | D:5      | Killed a black bear
  3401 | D:5      | Reached XP level 6. HP: 48/60 MP: 6/6
  3504 | D:5      | Reached skill level 6 in Fighting
  3971 | D:5      | Reached skill level 7 in Fighting
  3971 | D:5      | Reached XP level 7. HP: 49/70 MP: 7/7
  4596 | D:6      | Reached skill level 8 in Fighting
  4608 | D:6      | Found a staircase to the Ecumenical Temple.
  4620 | Temple   | Entered the Ecumenical Temple
  4637 | Temple   | Became a worshipper of Warmaster Okawaru
  4787 | D:6      | Found a snail-covered altar of Cheibriados.
  4816 | D:6      | Noticed Menkaure
  4824 | D:6      | Killed Menkaure
  4825 | D:6      | Reached XP level 8. HP: 40/80 MP: 8/8
  4869 | D:6      | Found a glowing drain.
  4875 | Sewer    | Entered a sewer
  5229 | Sewer    | Reached skill level 9 in Fighting
  5728 | D:6      | Reached * piety under Okawaru
  5729 | D:6      | Reached skill level 1 in Evocations
  6388 | D:6      | Noticed a deep elf pyromancer
  6393 | D:6      | Killed a deep elf pyromancer
  6394 | D:6      | Reached skill level 10 in Fighting
  6532 | D:7      | Noticed Maggie
  6681 | D:7      | Reached ** piety under Okawaru
  6689 | D:7      | Reached XP level 9. HP: 81/90 MP: 9/9
  6693 | D:7      | Found Goun's Distillery.
  6705 | D:7      | Reached skill level 5 in Evocations
  6876 | D:7      | Bought a potion of heal wounds for 75 gold pieces
  7023 | D:7      | Killed Maggie
  7024 | D:7      | Reached skill level 5 in Armour
  7024 | D:7      | Reached skill level 1 in Invocations
  7500 | D:7      | Found a runed translucent door.
  7501 | D:7      | Noticed Crazy Yiuf
  7704 | D:7      | Killed Crazy Yiuf
  7879 | D:8      | Reached *** piety under Okawaru
  7880 | D:8      | Noticed Maurice
  7927 | D:8      | Found Geism's Antique Armour Emporium.
  7993 | D:8      | Reached skill level 11 in Fighting
  8010 | D:8      | HP: 2/142 [steam dragon (6)]
  8011 | D:8      | Killed from afar by a steam dragon

Illustrated notes

Levels and vault maps discovered:
D:1:      matt_arrival_diagonals, layout_loops_ring
D:2:      layout_basic, basic_ecumenical_altar
D:3:      minmay_diamond_boxcup, layout_basic, mainiacjoe_overflow_paths,
          hangedman_feature_mirror, nicolae_hexahallways
D:4:      layout_basic, cheibrodos_ashenzari_chains, minmay_misc_feat_doors,
          minmay_box_of_dots
D:5:      layout_loops_ring
D:6:      layout_cave_pools, lemuel_crystal_altar,
          minmay_temple_entry_mini_moons, gup_sewer_entry_bubbles,
          solitary_fountain, guppyfry_early_elven_hall, uniq_menkaure
D:7:      layout_rooms, serial_shops, nicolae_shop_hallway_plus,
          uniq_crazy_yiuf_cottage, uniq_maggie
D:8:      layout_rooms, nicolae_ossuary_entry_false_entrances, serial_shops,
          nicolae_square_shop, uniq_maurice, uniq_gastronok
Temple:   nicolae_temple_cloud_nine

Skill      XL: |  1  2  3  4  5  6  7  8  9 |
---------------+----------------------------+-----
Fighting       | 3 4 5 7 8 10 11 | 11.0
Stealth        | 1 2 3 |  3.0
Evocations     | 4 5 |  5.0
Armour         | 5 |  5.0
Invocations    | 3 |  3.4
Maces & Flails | |  1.7
Shields        | |  3.2

Action                   |  1- 3 |  4- 6 |  7- 9 || total
-------------------------+-------+-------+-------++-------
Melee: Flail             |   110 |    76 |       ||   186
       Tailslap          |    17 |    19 |    44 ||    80
       Morningstar       |       |   102 |   316 ||   418
Invok: Heroism           |       |       |     4 ||     4
  Use: Scroll            |       |     5 |    10 ||    15
       Potion            |       |       |     7 ||     7
Armor: Scale mail        |    56 |    63 |   135 ||   254
       Chain mail        |       |       |    83 ||    83
Dodge: Dodged            |    37 |    60 |   255 ||   352
Block: Buckler           |    18 |    40 |   115 ||   173

Table legend: (Time is in decaauts)
 A = Elapsed time spent in this place.
 B = Non-inter-level travel time spent in this place.
 C = Inter-level travel time spent in this place.
 D = Time resting spent in this place.
 E = Time spent auto-exploring this place.
 F = Levels seen in this place.
 G = Mean time per level.
                   A        B        C        D        E       F      G
               +--------+--------+--------+--------+--------+-----+--------+
         Total |   8392 |   8144 |    248 |    989 |   5163 |  10 |  839.2 |
       Dungeon |   7463 |   7215 |    248 |    738 |   4994 |   8 |  932.9 |
        Temple |     24 |     24 |      0 |      0 |      0 |   1 |   24.0 |
         Sewer |    904 |    904 |      0 |    251 |    168 |   1 |  904.0 |
               +--------+--------+--------+--------+--------+-----+--------+

Top non-repeatable levels by time:
     D:6: 1434 daAuts
     D:5: 1374 daAuts
     D:3: 1146 daAuts
     D:7: 1028 daAuts
   Sewer: 904 daAuts
     D:4: 882 daAuts
     D:1: 824 daAuts
     D:2: 622 daAuts
     D:8: 152 daAuts
  Temple: 24 daAuts
